 Dungeon Crawl Stone Soup version 0.18.1-6-gd335043 (webtiles) character file.

326 dorian the Firebug (level 6, 0/36 HPs)
             Began as an Octopode Fire Elementalist on May 17, 2016.
             Slain by an orc wizard
             ... wielding a +0 dagger
              (3 damage)
             ... on level 4 of the Dungeon.
             The game lasted 00:10:37 (3573 turns).

dorian the Firebug (Octopode Fire Elementalist)     Turns: 3573, Time: 00:10:38

Health: 0/36       AC:  1    Str:  7    XL:     6   Next: 49%
Magic:  0/9        EV: 12    Int: 25    God:
Gold:   120        SH:  0    Dex: 12    Spells: 3 memorised, 1 level left

rFire  + . .     SeeInvis .     e - +0 hunting sling
rCold  x . .     Gourm    .     (no shield)
rNeg   . . .     Faith    .     (helmet restricted)
rPois  .         Spirit   .     (no amulet)
rElec  .         Dismiss  .     d - ring of fire
rCorr  .         Reflect  .     (no ring)
SustAt .         Harm     .     (no ring)
MR     .....                    (no ring)
Stlth  +++.......               (no ring)
                                (no ring)
                                (no ring)
                                (no ring)

@: brilliant, not resistant to hostile enchantments, fairly stealthy
A: almost no armour, amphibious, 8 rings, constrict 8, camouflage 1, gelatinous
body 1
a: no special abilities


You were on level 4 of the Dungeon.
You were not hungry.

You visited 1 branch of the dungeon, and saw 4 of its levels.

You collected 120 gold pieces.

Inventory:

Hand Weapons
 e - a +0 hunting sling (weapon)
   (You took it off a goblin on level 2 of the Dungeon)
 v - a +2 flail of protection
   (You took it off an orc on level 4 of the Dungeon)
Missiles
 g - 68 stones (quivered)
 u - 22 sling bullets
Jewellery
 d - a ring of fire (left tentacle)
   (You found it on level 1 of the Dungeon)
 o - a -3 ring of evasion
   (You found it on level 2 of the Dungeon)
Scrolls
 j - a scroll of enchant armour {unknown}
 m - 3 scrolls of recharging {unknown}
 n - a scroll of blinking {unknown}
 p - a scroll of remove curse
 q - a scroll of teleportation {unknown}
 r - 7 scrolls of identify
Potions
 a - 2 potions of might
 c - 2 potions of flight
 k - a potion of experience {unknown}
 l - a potion of resistance {unknown}
Books
 A - a book of Flames

   Spells                             Type                      Level
   a - Flame Tongue                   Conjuration/Fire             1
   b - Throw Flame                    Conjuration/Fire             2
   c - Conjure Flame                  Conjuration/Fire             3
   d - Inner Flame                    Hexes/Fire                   3
   e - Sticky Flame                   Conjuration/Fire             4
   f - Fireball                       Conjuration/Fire             5
Comestibles
 b - 3 bread rations
 s - a slice of pizza
 t - a meat ration


   Skills:
 - Level 2.0 Dodging
 - Level 2.6 Stealth
 - Level 2.0 Spellcasting
 + Level 4.3 Conjurations
 + Level 5.5 Fire Magic


You had one spell level left.
You knew the following spells:

 Your Spells              Type           Power        Failure   Level  Hunger
a - Flame Tongue          Conj/Fire      #####        1%          1    None
b - Conjure Flame         Conj/Fire      ######..     1%          3    ###....
c - Sticky Flame          Conj/Fire      ######..     2%          4    ####...


Dungeon Overview and Level Annotations

Branches:
Dungeon (4/15)
 Temple: D:4-7

Altars:
Dithmenos

Annotations:
D:3 Sigmund


Innate Abilities, Weirdness & Mutations

You cannot wear most types of armour.
You are amphibious.
You can wear up to eight rings at the same time.
You can use your tentacles to constrict eight enemies at once.
Your skin changes colour to match your surroundings (Stealth).
Your rubbery body absorbs attacks (AC +1).


Message History

Press: ? - help, Shift-Dir - straight line You shoot a stone.
Something hits you.
* * * LOW HITPOINT WARNING * * *
Drink which item? (? for menu, Esc to quit)
It was a potion of curing.
You feel better.
You hear some strange, mumbled words.
A puff of flame appears from out of thin air!
The puff of flame misses you. Something hits you.
* * * LOW HITPOINT WARNING * * *
Something hits you.
* * * LOW HITPOINT WARNING * * *
A magic dart appears from out of thin air!
The magic dart hits you!
* * * LOW HITPOINT WARNING * * *
All of the chunks of flesh in your inventory have rotted away.
Drink which item? (? for menu, Esc to quit)
You feel better. Something hits you but does no damage.
A magic dart appears from out of thin air!
The magic dart hits you!
* * * LOW HITPOINT WARNING * * *
Something hits you but does no damage. Something hits you.
* * * LOW HITPOINT WARNING * * *
Casting: Flame Tongue
Confirm with . or Enter, or press ? or * to list all spells.
Aiming: Flame Tongue
Press: ? - help, Shift-Dir - straight line You feel a surge of power!
* * * LOW MAGIC WARNING * * *
You hear some strange, mumbled words.
A puff of flame appears from out of thin air!
The puff of flame misses you.
Casting: Flame Tongue
Confirm with . or Enter, or press ? or * to list all spells.
Aiming: Flame Tongue
Press: ? - help, Shift-Dir - straight line You feel a surge of power!
* * * LOW MAGIC WARNING * * *
Something hits you.
* * * LOW HITPOINT WARNING * * *
Something hits you.
* * * LOW HITPOINT WARNING * * *
Drink which item? (? for menu, Esc to quit)
It was a potion of cancellation.
You feel magically purged. Something hits you.
* * * LOW HITPOINT WARNING * * *
Drink which item? (? for menu, Esc to quit)
It was a potion of brilliance.
You feel clever all of a sudden. Something hits you.
You die...

..!..
##.#...##..#
# ....
###..###..#
.....
#..###..#
#.#+#
#.......#
#.#.#
#......##
#.#.########
##.#####
...........#
#.#
.....#####.#
#{# ......#
#.#####@#
.....##
#.......#
..#.##
#########
###.# #.#
#.# #.# #.#
#.#


There were no monsters in sight!

Vanquished Creatures
  Crazy Yiuf (D:3)
  An orc priest (D:3)
  An orc wizard (D:4)
  Natasha (thrice) (D:2)
  Robin (D:4)
  5 adders
  3 worms
  A dart slug (D:2)
  A giant gecko (D:1)
  15 orcs
  A giant cockroach (D:1)
  13 goblins
  13 hobgoblins
  4 jackals (D:1)
  2 quokkas
  7 bats
  4 giant newts
  3 kobolds
  7 rats
86 creatures vanquished.

Notes
Turn   | Place    | Note
--------------------------------------------------------------
     0 | D:1      | dorian the Octopode Fire Elementalist began the quest for the Orb.
     0 | D:1      | Reached XP level 1. HP: 11/11 MP: 3/3
   243 | D:1      | Reached XP level 2. HP: 17/17 MP: 3/5
   823 | D:2      | Reached XP level 3. HP: 19/21 MP: 3/6
  1121 | D:2      | Reached skill level 2 in Conjurations
  1168 | D:2      | Reached skill level 4 in Fire Magic
  1220 | D:2      | Found a shadowy altar of Dithmenos.
  1364 | D:2      | Noticed Natasha
  1367 | D:2      | Killed Natasha
  1367 | D:2      | Reached XP level 4. HP: 27/27 MP: 3/7
  1443 | D:2      | Noticed Natasha
  1515 | D:2      | HP: 13/27 [Natasha (8)]
  1517 | D:2      | Killed Natasha
  1546 | D:2      | Noticed Natasha
  1586 | D:2      | Killed Natasha
  1586 | D:2      | Reached skill level 3 in Conjurations
  1586 | D:2      | Reached XP level 5. HP: 22/31 MP: 5/8
  1896 | D:3      | Found a shadowy altar of Dithmenos.
  1947 | D:3      | Reached skill level 5 in Fire Magic
  2177 | D:3      | Learned a level 3 spell: Conjure Flame
  2181 | D:3      | Noticed Crazy Yiuf
  2203 | D:3      | Killed Crazy Yiuf
  2387 | D:3      | Reached XP level 6. HP: 36/36 MP: 7/9
  2516 | D:3      | Reached skill level 4 in Conjurations
  2755 | D:3      | Noticed Sigmund
  3024 | D:4      | Noticed Robin
  3045 | D:4      | Killed Robin
  3427 | D:4      | Noticed a black bear
  3441 | D:4      | Learned a level 4 spell: Sticky Flame
  3552 | D:4      | HP: 17/36 [something (2)]
  3556 | D:4      | HP: 8/36 [something (3)]
  3562 | D:4      | HP: 11/36 [something/magic dart (9)]
  3569 | D:4      | HP: 10/36 [something (2)]
  3571 | D:4      | HP: 4/36 [something (4)]
  3573 | D:4      | Slain by an orc wizard

Skill      XL: |  1  2  3  4  5  6 |
---------------+-------------------+-----
Conjurations   | 2 3 4 |  4.3
Fire Magic     | 4 5 |  5.5
Dodging        | |  2.0
Stealth        | |  2.6
Spellcasting   | |  2.0

Action                   |  1- 3 |  4- 6 || total
-------------------------+-------+-------++-------
Melee: Unarmed           |    33 |     2 ||    35
       Constrict         |     8 |     1 ||     9
       Tentacles         |     6 |       ||     6
 Fire: Hunting sling     |       |    83 ||    83
 Cast: Flame Tongue      |    42 |    94 ||   136
       Conjure Flame     |       |     1 ||     1
  Use: Scroll            |       |     4 ||     4
       Potion            |       |     4 ||     4
 Stab: Sleeping          |     1 |       ||     1
  Eat: Chunk             |     2 |     2 ||     4
       Beef jerky        |       |     1 ||     1
       Bread ration      |       |     1 ||     1
Armor: Skin              |     3 |     5 ||     8
Dodge: Dodged            |    22 |    34 ||    56
